 Dungeon Crawl Stone Soup version 0.32-a0-328-gd8048dd28f (webtiles) character file.

Game seed: 779406255774942787

105 sanka the Apothecary (level 4, -2/30 HPs)
             Began as a Merfolk Alchemist on Feb 16, 2024.
             Slain by an ogre
             ... wielding a +0 giant spiked club
              (20 damage)
             ... on level 3 of the Dungeon.
             The game lasted 00:02:28 (2084 turns).

sanka the Apothecary (Merfolk Alchemist)            Turns: 2084, Time: 00:02:28

Health: -2/30      AC:  3    Str:  8    XL:     4   Next: 81%
Magic:  6/7        EV: 13    Int: 14    God:
Gold:   117        SH:  0    Dex: 16    Spells: 6/7 levels left

rFire   . . .        l - +2 sling (freeze)
rCold   . . .        (no shield)
rNeg    . . .        a - +0 robe
rPois   .            g - +0 helmet
rElec   .            (no cloak)
rCorr   .            (no gloves)
SInv    .            (no boots)
Will    .....        (no amulet)
Stlth   ++           (no ring)
HPRegen 0.25/turn    (no ring)
MPRegen 0.10/turn

%: no passive effects
@: no status effects
A: (nimble swimmer 2), mertail
a: no special abilities


You were on level 3 of the Dungeon.
You visited 1 branch of the dungeon, and saw 3 of its levels.

You collected 117 gold pieces.


Innate Abilities, Weirdness & Mutations

((You are very nimble when in or above water. (Stealth+, EV+, Speed+++)))
Your lower body shifts to a powerful aquatic tail in water.


   Skills:
 - Level 2.8 Dodging
 - Level 2.1 Stealth
 - Level 2.0 Spellcasting
 - Level 1.0 Conjurations
 + Level 7.0 Alchemy


You had 6 spell levels left.
You knew the following spells:

 Your Spells              Type           Power      Damage    Failure   Level
z - Sting                 Conj/Alch      48%        1d6       4%          1

Your spell library contained the following spells:

 Spells                   Type           Power      Damage    Failure   Level
 Mercury Vapours          Alch/Air       22%        N/A       9%          2
 Olgreb's Toxic Radiance  Alch           21%        N/A       13%         4
 Mephitic Cloud           Conj/Alch/Air  8%         N/A       24%         3
 Hailstorm                Conj/Ice       2%         3d5       50%         3
 Sticky Flame             Fire/Alch      11%        2d5       50%         4
 Ozocubu's Armour         Ice            1%         N/A       56%         3
 Summon Ice Beast         Ice/Summ       1%         N/A       56%         3
 Metabolic Englaciation   Hex/Ice        0%         N/A       100%        5
 Sculpt Simulacrum        Ice/Alch       5%         N/A       100%        6

Inventory:

Hand Weapons
 l - a +2 sling of freezing (weapon)
Armour
 a - a +0 robe (worn)
 g - a +0 helmet (worn)
Jewellery
 j - a ring of ice
Scrolls
 c - a scroll of revelation {unknown}
 d - a scroll of immolation {unknown}
 e - a scroll of fog {unknown}
 f - a scroll of silence {unknown}
 h - 4 scrolls of identify {unknown}
 k - 2 scrolls of brand weapon {unknown}
Potions
 b - a potion of magic
 i - a potion of degeneration {unknown}

Dungeon Overview and Level Annotations

Branches:
Dungeon (3/15)

Altars:

▒▒▒▒ ...
... ..
▒▒▒▒▒▒.▒▒▒
▒........▒
▒...O....▒
▒...m....▒
▒........▒
▒........▒
..▒▒▒▒▒.▒▒▒
... .▒ ..
.. . ▒. .▒


You could see an ogre (poisoned).


Message History

The sling bullet hits the quokka!
The sling bullet freezes the quokka.
You kill the quokka!
You start waiting.
An ogre comes into view. It is wielding a +0 giant spiked club.
An ogre is nearby!
You shoot a sling bullet. The sling bullet hits the ogre.
The sling bullet freezes the ogre.
The ogre is moderately wounded.
You shoot a sling bullet. The sling bullet hits the ogre.
The sling bullet freezes the ogre.
The ogre is heavily wounded.
You shoot a sling bullet.
The sling bullet closely misses the ogre.
You shoot a sling bullet.
The sling bullet barely misses the ogre.
The ogre hits you with a +0 giant spiked club!
You shoot a sling bullet. The sling bullet hits the ogre.
The sling bullet freezes the ogre.
The ogre is severely wounded.
The ogre barely misses you.
The sting hits the ogre.
The ogre is poisoned.
The ogre is almost dead.
The ogre hits you with a +0 giant spiked club!!
Ouch! That really hurt!
You die...

Action                     |  1- 3 |  4- 6 || total
---------------------------+-------+-------++-------
  Melee: Unarmed           |    26 |       ||    26
   Fire: Sling             |       |    16 ||    16
   Cast: Sting             |    48 |    22 ||    70
 Armour: Robe              |    31 |    18 ||    49
  Dodge: Dodged            |    44 |     4 ||    48

Levels and vault maps discovered:
D:1:      lightli_arrival_quake, layout_basic, minmay_misc_feat_rugged
D:2:      minmay_wonky_spiral, layout_basic
D:3:      layout_basic, lightli_temple_of_fire

Notes
Turn   | Place    | Note
-------+----------+-------------------------------------------
     0 | D:1      | sanka the Merfolk Alchemist began the quest for the Orb.
     0 | D:1      | Reached XP level 1. HP: 13/13 MP: 3/3
    30 | D:1      | Reached skill level 1 in Conjurations
   117 | D:1      | Reached XP level 2. HP: 19/19 MP: 0/5
   316 | D:1      | Reached skill level 5 in Alchemy
   477 | D:1      | Reached XP level 3. HP: 16/24 MP: 0/6
   777 | D:1      | Reached skill level 6 in Alchemy
  1072 | D:2      | Reached XP level 4. HP: 27/30 MP: 2/7
  1965 | D:2      | Reached skill level 7 in Alchemy
  2078 | D:3      | Noticed an ogre
  2084 | D:3      | Slain by an ogre

Vanquished Creatures
  3 adders (D:2)
  A gnoll (D:1)
  A dart slug (D:1)
  3 ball pythons
  3 endoplasms
  A giant cockroach (D:1)
  5 goblins
  3 hobgoblins
  4 jackals (D:1)
  4 quokkas
  3 frilled lizards
  A kobold (D:2)
  5 rats
37 creatures vanquished.
